 Dungeon Crawl Stone Soup version 0.16.1-30-g34a7ffa (webtiles) character file.

37 hexophile the Firebug (level 3, -2/28 HPs)
             Began as a Naga Fire Elementalist on June 25, 2015.
             Slain by an adder (4 damage)
             ... on level 1 of the Dungeon.
             The game lasted 00:05:27 (1224 turns).

hexophile the Firebug (Naga Fire Elementalist)      Turns: 1224, Time: 00:05:27

Health: -2/28      AC:  2    Str: 10    XL:     3   Next: 41%
Magic:  0/6        EV: 10    Int: 16    God:
Gold:   76         SH:  0    Dex: 11    Spells: 2 memorised, 2 levels left

rFire  . . .     SeeInvis +     i - +0 dagger
rCold  . . .     Clarity  .     a - +0 robe
rNeg   . . .     SustAb   .     (no shield)
rPois  +         Gourm    .     (no helmet)
rElec  .         Spirit   .     (no cloak)
rCorr  .         Warding  .     (no gloves)
rMut   .         Stasis   .     (no barding)
MR     .....                    (no amulet)
Stlth  ++........               (no ring)
                                (no ring)

@: lethally poisoned (-2 -> -3), very slightly contaminated, very slow, not
resistant to hostile enchantments, unstealthy
A: spit poison, see invisible, deformed body, poison resistance, slowness 2, AC
+1
a: Spit Poison


You were on level 1 of the Dungeon.
You were not hungry.

You visited 1 branch of the dungeon, and saw 2 of its levels.

You collected 76 gold pieces.

Inventory:

Hand weapons
 i - a +0 dagger (weapon)
Armour
 a - a +0 robe (worn)
Scrolls
 e - 2 scrolls of teleportation {unknown}
 h - a scroll of recharging {unknown}
 j - a scroll of enchant armour {unknown}
 n - a scroll of fog {unknown}
Potions
 d - a potion of magic {unknown}
 f - a potion of cure mutation {unknown}
 g - a potion of ambrosia {unknown}
 k - 2 potions of haste {unknown}
 l - a potion of invisibility {unknown}
Books
 b - a book of Flames

   Spells                             Type                      Level
   a - Flame Tongue                   Conjuration/Fire             1
   b - Throw Flame                    Conjuration/Fire             2
   c - Conjure Flame                  Conjuration/Fire             3
   d - Inner Flame                    Hexes/Fire                   3
   e - Sticky Flame                   Conjuration/Fire             4
   f - Fireball                       Conjuration/Fire             5
Comestibles
 c - a bread ration
 m - a beef jerky


   Skills:
 - Level 1.7 Dodging
 - Level 3.0 Stealth
 + Level 2.2 Spellcasting
 * Level 2.0 Conjurations
 * Level 3.6 Fire Magic


You had 2 spell levels left.
You knew the following spells:

 Your Spells              Type           Power        Failure   Level  Hunger
a - Flame Tongue          Conj/Fire      ##...        10%         1    #......
b - Conjure Flame         Conj/Fire      ##......     21%         3    ###....


Dungeon Overview and Level Annotations

Branches:
Dungeon (2/15)

Altars:
Zin


Innate Abilities, Weirdness & Mutations

You cannot wear boots.
You can spit poison.
Your serpentine skin is tough (AC +1).
You have supernaturally acute eyesight.
Armour fits poorly on your strangely shaped body.
Your system is resistant to poisons.
You cover ground very slowly.


Message History

* * * LOW HITPOINT WARNING * * *
You closely miss the adder.
The adder is almost dead.
The adder bites you.
* * * LOW HITPOINT WARNING * * *
Casting: Flame Tongue
Confirm with . or Enter, or press ? or * to list all spells.
Aiming: Flame Tongue
Press: ? - help, Shift-Dir - straight line, f/p - adder
Aim: an adder (almost dead)
The flame tongue misses the adder.
* * * LOW HITPOINT WARNING * * *
You feel sick. The adder bites you but does no damage.
Casting: Flame Tongue
Confirm with . or Enter, or press ? or * to list all spells.
You don't have enough magic to cast that spell.
You closely miss the adder.
The adder is almost dead.
The adder closely misses you. The adder bites you.
You die...

......(.....#..# #..........##.#
............#..# #..........##.#
............#..# #####.##### #.#
###.........#..# #.# #.# #
#########....# #.# #.# #
##...#######.# #.# #####
#...##...##.# #.#
....#########..##...##.# #.#
..............>S@...##.# #.#
....#############...##.#######.#
....# #..................# ....#
#.........########## ....#
#.........# ....# #.........#
....# #.........## ..###
#..........# ..# #.....รท....#


You could see an adder.

Vanquished Creatures
  An adder (D:2)
  4 bats (D:1)
  A giant cockroach (D:1)
  2 goblins (D:1)
  4 hobgoblins
  7 jackals
  2 kobolds (D:1)
  A giant gecko (D:1)
  3 rats (D:1)
25 creatures vanquished.

Notes
Turn   | Place    | Note
--------------------------------------------------------------
     0 | D:1      | hexophile, the Naga Fire Elementalist, began the quest for the Orb.
     0 | D:1      | Reached XP level 1. HP: 15/15 MP: 3/3
   200 | D:1      | Reached XP level 2. HP: 19/22 MP: 1/4
   271 | D:1      | Found a glowing silver altar of Zin.
   946 | D:1      | Reached XP level 3. HP: 12/28 MP: 0/6
   951 | D:1      | Learned a level 3 spell: Conjure Flame
  1224 | D:1      | Slain by an adder

Action                   || total
-------------------------++-------
Melee: Unarmed           ||     1
       Dagger            ||    35
 Cast: Flame Tongue      ||    42
 Abil: Spit Poison       ||     4
  Eat: Chunk             ||     2
